 Dungeon Crawl Stone Soup version 0.19.3-1-g3169bf9 (webtiles) character file.

342 Messajah the Cleaver (level 6, -1/51 HPs)
             Began as a Minotaur Berserker on Jan 25, 2017.
             Was a Believer of Trog.
             Slain by a mummy (13 damage)
             ... in an ossuary.
             The game lasted 00:07:45 (2968 turns).

Messajah the Cleaver (Minotaur Berserker)           Turns: 2968, Time: 00:07:46

Health: -1/51      AC:  6    Str: 21    XL:     6   Next: 30%
Magic:  5/5        EV: 10    Int:  4    God:    Trog [**....]
Gold:   121        SH:  0    Dex: 12    Spells: 0 memorised, 5 levels left

rFire  . . .     SeeInvis .     a - +0 hand axe
rCold  . . .     Gourm    .     p - +0 scale mail
rNeg   + . .     Faith    .     (no shield)
rPois  .         Spirit   .     (helmet restricted)
rElec  .         Reflect  .     (no cloak)
rCorr  .         Harm     .     (no gloves)
MR     .....                    (no boots)
Stlth  ..........               (no amulet)
                                (no ring)
                                o - ring of positive energy

@: exhausted
A: retaliatory headbutt, horns 2
a: Berserk, Trog's Hand, Burn Spellbooks, Renounce Religion


You were in an ossuary.
You worshipped Trog.
Trog was pleased with you.
You were not hungry.

You visited 1 branch of the dungeon, and saw 4 of its levels.
You also visited: Ossuary.

You collected 121 gold pieces.

Inventory:

Hand Weapons
 a - a +0 hand axe (weapon)
Armour
 p - a +0 scale mail (worn)
Jewellery
 o - a ring of positive energy (left hand)
Scrolls
 d - a scroll of teleportation {unknown}
 e - 2 scrolls of amnesia {unknown}
 f - 4 scrolls of remove curse {unknown}
 g - 2 scrolls of fog {unknown}
 h - 2 scrolls of enchant armour {unknown}
 i - 2 scrolls of blinking {unknown}
 j - 3 scrolls of identify {unknown}
 l - a scroll of magic mapping {unknown}
 q - a scroll of immolation {unknown}
Potions
 k - 2 potions of brilliance {unknown}
Comestibles
 b - a slice of pizza
 c - 2 bread rations
 m - a meat ration
 n - a chunk of flesh


   Skills:
 - Level 3.6 Fighting
 + Level 8.6 Axes
 - Level 2.4 Armour
 - Level 2.1 Dodging


You had 5 spell levels left.
You didn't know any spells.

Dungeon Overview and Level Annotations

Branches:
Dungeon (4/15)
 Temple: D:4-7

Altars:
Cheibriados


Innate Abilities, Weirdness & Mutations

You reflexively headbutt those who attack you in melee.
You have a pair of horns on your head.


Message History

You start eating one of the 2 chunks of flesh.
This raw flesh tastes terrible.
You feel yourself speed up.
You start resting.
A mummy comes into view.
The mummy hits you!
* * * LOW HITPOINT WARNING * * *
There is an open door here.
You hit the mummy but do no damage. You hit the mummy but do no damage.
You headbutt the mummy!
The mummy is heavily damaged.
The mummy hits you but does no damage.
A centaur zombie comes into view.
You hit the mummy.
The mummy is heavily damaged.
The centaur zombie moves out of view.
You hit the mummy.
The mummy is severely damaged.
The mummy hits you!
You die...

#.# #.+
'.# #.'
#.# +.+
#####Z#
#∩..#.+
#.∩.@M#
#...#.+
#####.#
≈.+
≈#+# ≈P
≈# ≈≈
#≈


You could see a mummy and a centaur zombie.

Vanquished Creatures
  The ghost of TryAgain the Magician, an amateur DEIE of Vehumet (Ossuary)
  Jessica (D:2)
  A mummy (Ossuary)
  A worker ant zombie (D:2)
  5 adders
  2 oozes
  An adder zombie (Ossuary)
  3 worms
  5 leopard geckos
  An orc (D:3)
  A bat skeleton (D:2)
  4 giant cockroaches
  10 goblins
  8 hobgoblins
  3 jackals (D:3)
  2 quokkas
  A ball python skeleton (D:2)
  6 bats
  3 frilled lizards
  A jackal skeleton (D:2)
  8 kobolds
  7 rats
75 creatures vanquished.

Vanquished Creatures (others)
  A withered plant (Ossuary)
1 creature vanquished.

Grand Total: 76 creatures vanquished

Notes
Turn   | Place    | Note
-------+----------+-------------------------------------------
     0 | D:1      | Messajah the Minotaur Berserker began the quest for the Orb.
     0 | D:1      | Reached XP level 1. HP: 19/19 MP: 0/0
    74 | D:1      | Reached skill level 4 in Axes
   408 | D:1      | Reached XP level 2. HP: 22/26 MP: 1/1
  1122 | D:1      | Reached skill level 5 in Axes
  1207 | D:2      | Noticed Jessica
  1214 | D:2      | Killed Jessica
  1214 | D:2      | Reached XP level 3. HP: 26/31 MP: 2/2
  1361 | D:2      | Reached XP level 4. HP: 31/39 MP: 3/3
  1368 | D:2      | Reached ** piety under Trog
  1368 | D:2      | Reached skill level 6 in Axes
  1708 | D:2      | You fall through a shaft!
  2335 | D:2      | Found a faded altar of an unknown god.
  2335 | D:2      | Found a faded altar of an unknown god.
  2342 | D:2      | Found a snail-covered altar of Cheibriados.
  2344 | D:2      | Found a faded altar of an unknown god.
  2345 | D:2      | Found a faded altar of an unknown god.
  2541 | D:3      | Reached skill level 7 in Axes
  2541 | D:3      | Reached XP level 5. HP: 42/45 MP: 4/4
  2899 | D:4      | Found a sand-covered staircase.
  2916 | Ossuary  | Entered an ossuary
  2918 | Ossuary  | Noticed TryAgain's ghost (amateur DEIE)
  2925 | Ossuary  | Killed TryAgain's ghost
  2925 | Ossuary  | Reached skill level 8 in Axes
  2925 | Ossuary  | Reached XP level 6. HP: 47/51 MP: 5/5
  2968 | Ossuary  | Slain by a mummy

Skill      XL: |  1  2  3  4  5 |
---------------+----------------+-----
Axes           | 4 5 7 8 |  8.6
Fighting       | |  3.6
Armour         | |  2.4
Dodging        | |  2.1

Action                   |  1- 3 |  4- 6 || total
-------------------------+-------+-------++-------
Melee: Hand axe          |    57 |   119 ||   176
       Headbutt          |     4 |    25 ||    29
Invok: Berserk           |       |     2 ||     2
  Eat: Chunk             |     1 |     8 ||     9
Armor: Animal skin       |     2 |       ||     2
       Leather armour    |     5 |    14 ||    19
       Robe              |     3 |       ||     3
       Scale mail        |       |    14 ||    14
Dodge: Dodged            |    44 |    49 ||    93
